 Dungeon Crawl Stone Soup version 0.21-a0-525-ga34b322 (webtiles) character file.

504 theanonym the Cutter (level 6, -3/57 HPs)
             Began as a Deep Elf Fighter on Dec 7, 2017.
             Was an Initiate of Okawaru.
             Killed from afar by Ijyb (17 damage)
             ... with a wand of acid (2)
             ... on level 4 of the Dungeon.
             The game lasted 00:11:31 (6503 turns).

theanonym the Cutter (Deep Elf Fighter)             Turns: 6503, Time: 00:11:32

Health: -3/57      AC: 19    Str: 20    XL:     6   Next: 96%
Magic:  8/8        EV:  2    Int: 13    God:    Okawaru [......]
Gold:   210        SH:  9    Dex: 14    Spells: 5/5 levels left

rFire    . . .     SeeInvis .   a - +0 rapier
rCold    . . .     Gourm    .   c - +0 shield
rNeg     + + +     Faith    .   (armour currently unavailable)
rPois    +         Spirit   .   (helmet currently unavailable)
rElec    .         Reflect  .   (cloak currently unavailable)
rCorr    .         Harm     .   (gloves currently unavailable)
MR       .....     NoTele   +   (boots currently unavailable)
Stlth    +.........             (no amulet)
HPRegen  0.19/turn              (no ring)
MPRegen  0.11/turn              (no ring)

@: mighty, tree-form, corroded
A: no striking features
a: Renounce Religion


   Skills:
 + Level 4.2 Fighting
 * Level 6.3 Short Blades
 - Level 2.4 Armour
 - Level 2.4 Shields


You had 5 spell levels left.
You didn't know any spells.

Skill      XL: |  1  2  3  4  5  6 |
---------------+-------------------+-----
Short Blades   | 3 4 5 6 |  6.3
Fighting       | 3 4 |  4.2
Armour         | |  2.4
Shields        | |  2.4

Action                   |  1- 3 |  4- 6 || total
-------------------------+-------+-------++-------
Melee: Rapier            |   141 |   335 ||   476
  Use: Potion            |       |     3 ||     3
       Scroll            |       |     7 ||     7
  Eat: Chunk             |     1 |     8 ||     9
       Meat ration       |       |     2 ||     2
Armor: Scale mail        |    58 |    50 ||   108
       Chain mail        |    39 |    33 ||    72
       Skin              |       |     9 ||     9
Dodge: Dodged            |    37 |    50 ||    87
Block: Shield            |    81 |   106 ||   187

Inventory:

Hand Weapons
 a - a +0 rapier (weapon)
Armour
 b - a +0 leather armour {4}
   (You found it on level 3 of the Dungeon)
 c - a +0 shield (worn)
 h - a +0 ring mail {7}
   (You found it on level 3 of the Dungeon)
 i - a +0 chain mail
   (You found it on level 1 of the Dungeon)
 m - a +0 scale mail (melded) {10}
Scrolls
 f - a scroll of fog {!r}
 g - 2 scrolls of immolation
 j - 3 scrolls of remove curse
 q - a scroll of random uselessness
 r - a scroll of identify
 t - 3 scrolls of teleportation {!r}
Potions
 e - a potion of magic
 k - 2 potions of flight
Comestibles
 l - 4 bread rations
 n - 4 royal jellies
 o - a chunk of flesh

Dungeon Overview and Level Annotations

Branches:
Dungeon (4/15)             Temple (0/1) D:4

Altars:
Ashenzari
Cheibriados
Dithmenos
Makhleb
Okawaru
Wu Jian

Annotations:
D:4 Ijyb; Typee's ghost, amateur OpIE


You were on level 4 of the Dungeon.
You worshipped Okawaru.
Okawaru was noncommittal.
You were not hungry.
You were a tree.
You visited 1 branch of the dungeon, and saw 4 of its levels.

You collected 210 gold pieces.


Message History

You see here a giant club.
You start resting.
Health restored: 38 Unknown command.
You see here a giant club.
Typee's ghost (amateur Octopode Ice Elementalist) comes into view.
You aren't carrying any pieces of jewellery.
Unknown command.
Unknown command.
Unknown command.
Unknown command.
Unknown command.
Unknown command.
There is a stone staircase leading up here.
You climb upwards.
There is a stone staircase leading down here.
There is a stone staircase leading down here.
You climb downwards.
Level annotation: Typee's ghost, amateur OpIE
There is a stone staircase leading up here.
Key pressed, stopping explore.
There is an open door here.
There is an open door here.
You open the door.
There is an open door here.
A worker ant comes into view.
The worker ant twitches its antennae in your direction.
A worker ant is nearby!
A worker ant is nearby!
A worker ant is nearby!
You hit the worker ant. You block the worker ant's attack.
You puncture the worker ant!
You kill the worker ant!
Okawaru accepts your kill.
No target in view!
No target in view!
No target in view!
No target in view!
No target in view!
You butcher the worker ant corpse.
o - a chunk of flesh
Things that are here:
a leather armour {4}; a flail You see here a trident.
Found a ring mail.
Found a shattered altar of Ashenzari.
Key pressed, stopping explore.
Found 20 stones.
There is a shattered altar of Ashenzari here.
An adder comes into view.
The adder hisses angrily.
The adder bites you.
You take 4 damage, and have 34/38 hp.
You closely miss the adder. The adder closely misses you.
The adder bites you but does no damage.
You hit the adder. The adder completely misses you.
You hit the adder. You block the adder's attack.
Your shield and scale mail prevent you from hitting the adder.
The adder barely misses you.
You hit the adder.
You kill the adder!
Okawaru accepts your kill.
No target in view!
No target in view!
No target in view!
No target in view!
You start resting.
Health restored: 38
Found a ring mail.
e - a murky pink potion Ijyb the Twisted Goblin comes into view.
She is wielding a dagger.
Ijyb shouts!
You aren't carrying any items that you can evoke.
As you read the scroll of identify, it crumbles to dust.
e - a potion of magic You feel very mighty all of a sudden.
Ijyb zaps a wand.
The bolt of acid hits you! The acid corrodes you!
You are splashed with acid!
The acid burns!
* * * LOW HITPOINT WARNING * * *
It is a wand of acid (2).
You take 30 damage, and have 8/38 hp.
MASSIVE DAMAGE!!
You are too injured to fight recklessly!
You are too injured to fight recklessly!
You are too injured to fight recklessly!
You turn into a tree.
Your +0 scale mail {10} melds into your body.
Your roots penetrate the ground.
You now have 12/57 hp.
You hit Ijyb but do no damage. Ijyb hits you but does no damage.
You completely miss Ijyb. You block Ijyb's attack.
You closely miss Ijyb. You block Ijyb's attack.
You hit Ijyb. Ijyb hits you but does no damage.
You hit Ijyb. You block Ijyb's attack.
You hit Ijyb but do no damage. Ijyb hits you but does no damage.
You impale Ijyb!!
Ijyb screams, "Get away!"
Ijyb hits you but does no damage.
You closely miss Ijyb.
Ijyb zaps a wand.
Helpless, you fail to dodge the bolt of acid.
You die...

#.........#
#.........#
#.........#
#.........#
#.........#
#.........###
#...g........ #.
#♣.......########.
#...............#.
#...............#.
#####...............#.
#...................#.
#...................#.
#.......###.....###.#.
#[......#####_#####...
#.......###.....###...


You could see Ijyb.

Notes
Turn   | Place    | Note
-------+----------+-------------------------------------------
     0 | D:1      | theanonym the Deep Elf Fighter began the quest for the Orb.
     0 | D:1      | Reached XP level 1. HP: 13/13 MP: 3/3
   181 | D:1      | Reached XP level 2. HP: 18/18 MP: 4/4
   289 | D:1      | HP: 9/18 [hobgoblin/club (3)]
   485 | D:1      | Reached skill level 3 in Short Blades
   697 | D:1      | Reached XP level 3. HP: 22/22 MP: 5/5
  1011 | D:2      | Noticed a scorpion
  1042 | D:1      | Reached skill level 3 in Fighting
  1047 | D:1      | HP: 11/23 [poisoned by an adder]
  1055 | D:1      | HP: 10/23 [poisoned by an adder]
  1293 | D:2      | HP: 11/23 [bullfrog zombie (4)]
  1295 | D:2      | Reached skill level 4 in Short Blades
  1295 | D:2      | Reached XP level 4. HP: 13/28 MP: 6/6
  1302 | D:2      | HP: 12/28 [rat (2)]
  1608 | D:1      | Reached XP level 5. HP: 30/32 MP: 7/7
  1837 | D:2      | Found an iron altar of Okawaru.
  1842 | D:2      | Found a transporter.
  1853 | D:2      | Found a transporter.
  1912 | D:2      | Became a worshipper of Warmaster Okawaru
  2391 | D:3      | Found a burning altar of Makhleb.
  2453 | D:3      | Found a snail-covered altar of Cheibriados.
  2480 | D:3      | HP: 12/32 [gnoll/club (7)]
  2522 | D:3      | HP: 10/32 [gnoll (6)]
  2572 | D:3      | HP: 13/32 [orc/flail (2)]
  3192 | D:3      | Found an ornate altar of the Wu Jian Council.
  3216 | D:3      | HP: 15/32 [orc priest/divine providence (17)]
  3749 | D:3      | Found a shadowy altar of Dithmenos.
  3807 | D:3      | Noticed an orc warrior
  3975 | D:3      | Reached skill level 5 in Short Blades
  4073 | D:3      | HP: 16/32 [gnoll/whip (6)]
  4376 | D:3      | HP: 14/32 [orc priest/divine providence (11)]
  4399 | D:4      | HP: 14/32 [orc wizard/magic dart (2)]
  4412 | D:4      | HP: 14/33 [orc/flail (2)]
  4710 | D:4      | Reached XP level 6. HP: 25/38 MP: 8/8
  4850 | D:4      | HP: 18/38 [worker ant (2)]
  5048 | D:4      | Found a staircase to the Ecumenical Temple.
  5209 | D:4      | HP: 14/38 [iguana (9)]
  5222 | D:4      | HP: 8/38 [iguana (7)]
  5248 | D:4      | HP: 8/38 [iguana (3)]
  5251 | D:4      | HP: 2/38 [iguana (7)]
  5253 | D:4      | Reached skill level 4 in Fighting
  5616 | D:4      | HP: 17/38 [orc/trident (7)]
  5619 | D:4      | HP: 6/38 [orc/trident (5)]
  5932 | D:4      | HP: 19/38 [ogre/giant club (3)]
  5934 | D:4      | HP: 5/38 [ogre/giant club (15)]
  5935 | D:4      | Reached skill level 6 in Short Blades
  6278 | D:4      | Noticed Typee's ghost (amateur OpIE)
  6432 | D:4      | Found a shattered altar of Ashenzari.
  6492 | D:4      | Noticed Ijyb
  6494 | D:4      | HP: 8/38 [acid (13)]
  6503 | D:4      | Killed from afar by Ijyb

Vanquished Creatures
  An ogre (D:4)
  A scorpion (D:1)
  A bullfrog zombie (D:2)
  2 orc wizards (D:4)
  An iguana (D:4)
  2 worker ants (D:4)
  A howler monkey skeleton (D:4)
  3 gnolls
  4 adders
  An ooze (D:4)
  2 worms
  3 dart slugs
  5 leopard geckos
  17 orcs
  3 giant cockroaches
  8 goblins
  13 hobgoblins
  3 jackals (D:1)
  5 kobolds
  A quokka (D:2)
  A ball python (D:4)
  8 bats
  5 frilled lizards
  A jackal skeleton (D:2)
  12 rats
  A plant (D:3)
105 creatures vanquished.

Table legend:
 A = Turns spent in this place as a percentage of turns spent in the entire game.
 B = Non-inter-level travel turns spent in this place as a percentage of non-inter-level travel turns spent in the entire game.
 C = Inter-level travel turns spent in this place as a percentage of turns spent in this place.
 D = Turns resting spent in this place as a percentage of non-inter-level travel turns spent in this place.
 E = Turns spent auto-exploring this place as a percentage of non-inter-level travel turns spent in this place.
 F = Non-inter-level travel turns spent in this place divided by the number of levels of this place that you've seen.
                   A       B       C       D       E      F
               +-------+-------+-------+-------+-------+----------------------
         Total | 100.0 | 100.0 |   3.3 |  47.2 |  32.7 | 1572.5
       Dungeon | 100.0 | 100.0 |   3.3 |  47.2 |  32.7 | 1572.5
               +-------+-------+-------+-------+-------+----------------------
